[ AOE2 MATCH · #471385215 ]
UnrankedGoths vs Spanish
[ REPLAY ANALYSIS · EXTRACTED FROM THE RECORDED GAME ]
Feudal
12:53
Castle
24:02
Imperial
37:53
| APM avg | 17.9 |
| APM peak | 32 |
| eAPM avg | 13.8 |
| Villagers / military | 119 / 244 |
Focus
⚔️ 36.6% · 🌾 63.4%
Spearman ×124 · Militia ×51 · Huskarl ×38 · Mangonel ×14 · Bombard Cannon ×11 · Trebuchet (Packed) ×3
Feudal
13:57
Castle
20:02
Imperial
32:52
| APM avg | 37.9 |
| APM peak | 113 |
| eAPM avg | 15.6 |
| Villagers / military | 76 / 61 |
Focus
⚔️ 22.0% · 🌾 78.0%
Knight ×27 · Conquistador ×25 · Mangonel ×4 · Trebuchet (Packed) ×4 · Petard ×1
Feudal
14:47
Castle
19:07
Imperial
36:17
| APM avg | 22.5 |
| APM peak | 67 |
| eAPM avg | 17.9 |
| Villagers / military | 221 / 222 |
Focus
⚔️ 21.9% · 🌾 78.1%
Spearman ×124 · Hand Cannoneer ×57 · Hussite Wagon ×25 · Trade Cart ×14 · Mangonel ×9 · Bombard Cannon ×3
Feudal
—
Castle
—
Imperial
—
| APM avg | 28.9 |
| APM peak | 77 |
| eAPM avg | 19.4 |
| Villagers / military | 139 / 120 |
Focus
⚔️ 27.7% · 🌾 72.3%
Knight ×106 · Militia ×11 · Trade Cart ×9 · Monk ×3
Feudal
18:38
Castle
42:49
Imperial
—
| APM avg | 10.6 |
| APM peak | 26 |
| eAPM avg | 8.8 |
| Villagers / military | 82 / 32 |
Focus
⚔️ 18.6% · 🌾 81.4%
Skirmisher ×21 · Trade Cart ×14 · Spearman ×7 · Militia ×4
Feudal
14:20
Castle
17:32
Imperial
39:36
| APM avg | 20.7 |
| APM peak | 74 |
| eAPM avg | 16.7 |
| Villagers / military | 134 / 137 |
Focus
⚔️ 30.5% · 🌾 69.5%
Scout Cavalry ×61 · Scorpion ×36 · Trade Cart ×27 · Ballista Elephant ×21 · Battering Ram ×12 · Trebuchet (Packed) ×4
Match map
Initial resources + every placement click. Lines = walls · curves = elevation contours. ◆ gold · ⬟ stone · ● berries · ✦ relic · ◌ wall gap
Your base· ✓ Closed at 24:02 · 0t walls · 2 gate(s)
ennio2mil's base· ✓ Closed at 20:02 · 13t walls · no gate
M.S.'s base· ✓ Closed at 19:07 · 35t walls · 2 gate(s)
ActedWater2358's base· ✓ Closed at 26:58 · 17t walls · no gate
simirfan's base· ✓ Closed at 42:49 · 164t walls · 3 gate(s)
R1C0L4's base· ✓ Closed at 17:32 · 10t walls · 3 gate(s)
Smoothed initial terrain · ◌ = detected wall gap · hover for details
Inputs per minute
— Geosim - - ennio2mil
Build order — Geosim
First 150 of 330 actions detected
| 0:03 | Research | Loom |
| 0:03 | Create | Villager (Male) ×4 |
| 0:05 | Build | House |
| 0:07 | Build | House |
| 1:29 | Create | Villager (Male) |
| 2:02 | Create | Villager (Male) |
| 2:24 | Build | Lumber Camp |
| 2:32 | Create | Villager (Male) |
| 3:08 | Create | Villager (Male) |
| 3:21 | Build | House |
| 3:22 | Build | House |
| 3:28 | Create | Villager (Male) |
| 3:55 | Create | Villager (Male) |
| 4:20 | Create | Villager (Male) |
| 4:20 | Create | Villager (Male) |
| 4:55 | Create | Villager (Male) |
| 5:35 | Create | Villager (Male) |
| 5:46 | Build | Mill |
| 5:53 | Create | Villager (Male) |
| 6:22 | Create | Villager (Male) |
| 6:27 | Build | House |
| 6:45 | Create | Villager (Male) |
| 7:17 | Create | Villager (Male) |
| 7:48 | Create | Villager (Male) |
| 7:49 | Create | Villager (Male) |
| 7:49 | Create | Villager (Male) |
| 8:09 | Build | Barracks |
| 8:19 | Create | Villager (Male) ×2 |
| 8:49 | Create | Villager (Male) |
| 9:12 | Build | House |
| 9:18 | Build | Palisade Gate |
| 9:23 | Build | House |
| 9:48 | Create | Villager (Male) |
| 10:04 | Build | Mining Camp |
| 10:23 | Research | Feudal Age |
| 10:34 | Build | Barracks |
| 11:13 | Create | Militia ×3 |
| 11:18 | Build | House |
| 11:45 | Create | Militia |
| 12:06 | Build | Palisade Gate |
| 12:08 | Build | House |
| 12:14 | Build | House |
| 12:22 | Create | Militia ×3 |
| 12:35 | Build | House |
| 12:36 | Build | House |
| 12:41 | Create | Villager (Male) |
| 12:53 | Age | Feudal Age |
| 12:59 | Research | Man-at-Arms (upgrade) |
| 13:04 | Build | Blacksmith |
| 13:08 | Research | Double-Bit Axe |
| 13:12 | Research | Gold Mining |
| 13:37 | Create | Villager (Male) |
| 13:52 | Research | Forging |
| 13:59 | Create | Villager (Male) |
| 14:24 | Research | Scale Mail Armor |
| 14:28 | Build | Barracks |
| 14:31 | Create | Villager (Male) |
| 14:38 | Build | Mill |
| 14:54 | Create | Militia |
| 14:55 | Create | Militia |
| 15:05 | Create | Villager (Male) |
| 15:12 | Create | Militia |
| 15:31 | Create | Villager (Male) |
| 16:00 | Build | House |
| 16:01 | Build | House |
| 16:02 | Create | Villager (Male) |
| 16:09 | Build | Farm |
| 16:10 | Build | Farm |
| 16:10 | Build | Farm |
| 16:11 | Build | Farm |
| 16:12 | Create | Villager (Male) |
| 16:35 | Create | Villager (Male) |
| 16:41 | Build | Farm |
| 16:42 | Build | Farm |
| 16:42 | Build | Farm |
| 16:43 | Build | Farm |
| 16:45 | Research | Horse Collar |
| 17:13 | Build | Market |
| 17:27 | Create | Villager (Male) |
| 17:39 | Build | Farm |
| 17:42 | Create | Villager (Male) |
| 18:00 | Build | Farm |
| 18:01 | Create | Villager (Male) |
| 18:26 | Build | Farm |
| 18:31 | Build | Barracks |
| 18:34 | Create | Villager (Male) |
| 18:44 | Build | Farm |
| 19:15 | Build | Farm |
| 19:17 | Create | Villager (Male) |
| 19:19 | Create | Villager (Male) |
| 19:30 | Build | House |
| 19:30 | Build | House |
| 19:31 | Build | House |
| 19:32 | Build | House |
| 19:32 | Build | House |
| 19:33 | Build | House |
| 19:39 | Research | Wheelbarrow |
| 19:45 | Build | Farm |
| 19:52 | Build | Farm |
| 19:53 | Build | Farm |
| 19:54 | Build | Farm |
| 20:21 | Build | Farm |
| 20:59 | Build | Farm |
| 20:59 | Build | Farm |
| 21:02 | Research | Castle Age |
| 21:14 | Create | Militia |
| 21:25 | Create | Militia |
| 21:31 | Create | Militia |
| 21:33 | Create | Militia |
| 21:34 | Create | Militia |
| 21:36 | Create | Militia |
| 21:36 | Create | Militia |
| 21:37 | Create | Militia |
| 21:44 | Create | Militia |
| 21:45 | Create | Militia |
| 21:51 | Build | House |
| 22:06 | Create | Militia |
| 22:06 | Create | Militia |
| 22:07 | Create | Militia |
| 22:09 | Create | Militia |
| 22:09 | Create | Militia |
| 22:10 | Create | Militia |
| 22:15 | Create | Militia |
| 22:15 | Create | Militia |
| 22:28 | Create | Militia |
| 22:37 | Create | Militia |
| 22:40 | Create | Militia |
| 22:42 | Create | Militia |
| 22:43 | Create | Militia |
| 22:47 | Create | Militia ×2 |
| 22:47 | Create | Militia ×2 |
| 22:53 | Create | Militia |
| 23:08 | Create | Militia |
| 23:15 | Create | Militia ×2 |
| 23:16 | Create | Militia |
| 23:16 | Create | Militia |
| 23:58 | Build | House |
| 24:02 | Age | Castle Age |
| 24:04 | Research | Long Swordsman (upgrade) |
| 24:05 | Research | Squires |
| 24:11 | Build | Siege Workshop |
| 24:17 | Research | Iron Casting |
| 24:32 | Build | Town Center |
| 24:35 | Build | Town Center |
| 24:45 | Research | Chain Mail Armor |
| 25:01 | Create | Battering Ram |
| 25:30 | Create | Villager (Male) ×5 |
| 25:36 | Research | Bow Saw |
| 26:14 | Build | Barracks |
| 26:18 | Research | Hand Cart |
Build order — ennio2mil
First 150 of 238 actions detected
| 0:10 | Research | Loom |
| 0:12 | Build | House |
| 0:18 | Create | Villager (Male) |
| 0:18 | Create | Villager (Male) |
| 0:18 | Create | Villager (Male) |
| 0:18 | Create | Villager (Male) |
| 0:49 | Build | Palisade Wall |
| 1:06 | Build | House |
| 1:42 | Build | House |
| 1:54 | Build | House |
| 2:04 | Create | Villager (Male) |
| 2:04 | Create | Villager (Male) |
| 2:46 | Build | Palisade Wall |
| 3:56 | Create | Villager (Male) |
| 3:57 | Create | Villager (Male) |
| 4:29 | Create | Villager (Male) |
| 4:49 | Create | Villager (Male) |
| 4:49 | Create | Villager (Male) |
| 6:07 | Create | Villager (Male) |
| 6:07 | Create | Villager (Male) |
| 6:22 | Build | Lumber Camp |
| 7:57 | Build | Mill |
| 8:29 | Create | Villager (Male) |
| 8:30 | Create | Villager (Male) |
| 9:34 | Create | Villager (Male) |
| 9:35 | Create | Villager (Male) |
| 10:09 | Create | Villager (Male) |
| 10:34 | Build | House |
| 10:57 | Create | Villager (Male) |
| 10:57 | Create | Villager (Male) |
| 11:29 | Build | Mining Camp |
| 11:33 | Research | Feudal Age |
| 12:19 | Build | Mill |
| 12:47 | Create | Villager (Male) |
| 12:47 | Create | Villager (Male) |
| 13:57 | Age | Feudal Age |
| 14:00 | Create | Villager (Male) |
| 14:00 | Create | Villager (Male) |
| 14:12 | Build | Market |
| 14:29 | Build | Farm |
| 14:50 | Create | Villager (Male) |
| 15:12 | Build | Farm |
| 15:16 | Build | Farm |
| 15:32 | Build | Farm |
| 15:43 | Create | Villager (Male) |
| 16:23 | Create | Villager (Male) |
| 16:41 | Build | Blacksmith |
| 16:57 | Create | Villager (Male) |
| 17:15 | Build | Mining Camp |
| 17:17 | Research | Castle Age |
| 17:55 | Build | Farm |
| 18:09 | Build | House |
| 18:48 | Build | Farm |
| 18:54 | Research | Double-Bit Axe |
| 19:26 | Build | Farm |
| 19:34 | Build | House |
| 19:42 | Build | House |
| 19:50 | Create | Villager (Male) |
| 19:51 | Create | Villager (Male) |
| 20:02 | Age | Castle Age |
| 20:31 | Build | Farm |
| 20:59 | Build | Castle |
| 21:05 | Create | Villager (Male) |
| 21:14 | Create | Villager (Male) |
| 21:38 | Build | Farm |
| 21:42 | Create | Villager (Male) |
| 21:57 | Create | Conquistador |
| 21:57 | Create | Conquistador |
| 22:15 | Create | Conquistador |
| 22:23 | Create | Villager (Male) |
| 22:50 | Create | Villager (Male) |
| 22:50 | Create | Villager (Male) |
| 23:00 | Build | Town Center |
| 23:11 | Create | Conquistador |
| 23:11 | Create | Conquistador |
| 23:11 | Create | Conquistador |
| 23:11 | Create | Conquistador |
| 24:50 | Build | Town Center |
| 24:56 | Create | Villager (Male) |
| 24:56 | Create | Villager (Male) |
| 25:00 | Create | Villager (Male) |
| 25:00 | Create | Villager (Male) |
| 25:16 | Create | Conquistador |
| 25:17 | Create | Conquistador |
| 25:23 | Research | Gold Mining |
| 25:57 | Create | Petard |
| 26:19 | Build | Farm |
| 26:21 | Build | Farm |
| 26:24 | Build | Farm |
| 26:27 | Build | Farm |
| 26:30 | Build | Farm |
| 26:33 | Research | Horse Collar |
| 26:35 | Build | Farm |
| 26:38 | Build | Farm |
| 26:39 | Create | Villager (Male) |
| 26:42 | Create | Villager (Male) |
| 26:52 | Create | Villager (Male) |
| 28:02 | Create | Villager (Male) |
| 28:07 | Build | Farm |
| 28:19 | Build | Farm |
| 28:24 | Create | Villager (Male) |
| 28:26 | Create | Villager (Male) |
| 28:32 | Build | Farm |
| 28:36 | Build | Farm |
| 29:42 | Research | Imperial Age |
| 29:42 | Research | Imperial Age |
| 30:12 | Research | Wheelbarrow |
| 30:12 | Research | Wheelbarrow |
| 30:24 | Research | Town Watch |
| 30:28 | Build | Farm |
| 30:31 | Build | Farm |
| 30:35 | Build | Farm |
| 30:36 | Build | Farm |
| 30:39 | Build | Farm |
| 30:40 | Create | Villager (Male) |
| 30:42 | Create | Villager (Male) |
| 31:12 | Create | Conquistador |
| 31:13 | Create | Conquistador |
| 31:20 | Build | Barracks |
| 31:27 | Build | Farm |
| 31:30 | Build | Farm |
| 31:34 | Research | Scale Barding Armor |
| 31:40 | Create | Villager (Male) |
| 31:41 | Create | Villager (Male) |
| 31:43 | Create | Villager (Male) |
| 31:44 | Create | Villager (Male) |
| 32:28 | Build | Stable |
| 32:31 | Build | House |
| 32:32 | Build | House |
| 32:33 | Build | House |
| 32:40 | Research | Chain Barding Armor |
| 32:42 | Research | Forging |
| 32:52 | Age | Imperial Age |
| 33:00 | Create | Trebuchet (Packed) |
| 33:03 | Create | Villager (Male) |
| 33:04 | Create | Villager (Male) |
| 33:07 | Create | Villager (Male) |
| 33:08 | Create | Villager (Male) |
| 33:42 | Create | Villager (Male) |
| 33:43 | Create | Villager (Male) |
| 33:45 | Create | Villager (Male) |
| 33:45 | Create | Villager (Male) |
| 33:48 | Research | Bow Saw |
| 33:48 | Research | Bow Saw |
| 34:56 | Create | Villager (Male) |
| 34:56 | Create | Villager (Male) |
| 34:58 | Create | Villager (Male) |
| 34:59 | Create | Villager (Male) |
| 35:02 | Build | Farm |
| 35:03 | Create | Villager (Male) |
Build order — M.S.
First 150 of 467 actions detected
| 0:01 | Create | Villager (Male) ×4 |
| 0:01 | Create | Villager (Male) |
| 0:01 | Create | Villager (Male) |
| 0:01 | Create | Villager (Male) |
| 0:01 | Create | Villager (Male) |
| 0:01 | Create | Villager (Male) |
| 0:01 | Create | Villager (Male) |
| 0:01 | Create | Villager (Male) |
| 0:01 | Create | Villager (Male) |
| 0:01 | Create | Villager (Male) |
| 0:01 | Create | Villager (Male) |
| 0:01 | Create | Villager (Male) |
| 0:01 | Create | Villager (Male) |
| 0:01 | Create | Villager (Male) |
| 0:01 | Create | Villager (Male) |
| 0:01 | Create | Villager (Male) |
| 0:01 | Create | Villager (Male) |
| 0:01 | Create | Villager (Male) |
| 0:01 | Create | Villager (Male) |
| 0:01 | Create | Villager (Male) |
| 0:01 | Create | Villager (Male) |
| 0:01 | Create | Villager (Male) |
| 0:01 | Create | Villager (Male) |
| 0:01 | Create | Villager (Male) |
| 0:01 | Create | Villager (Male) |
| 0:03 | Build | House |
| 0:33 | Research | Loom |
| 0:34 | Create | Villager (Male) ×2 |
| 0:34 | Create | Villager (Male) ×2 |
| 1:03 | Build | Palisade Gate |
| 1:09 | Build | Palisade Wall |
| 1:10 | Build | Palisade Wall |
| 1:34 | Create | Villager (Male) |
| 2:03 | Build | House |
| 2:35 | Create | Villager (Male) |
| 3:42 | Create | Villager (Male) |
| 3:43 | Create | Villager (Male) |
| 3:43 | Create | Villager (Male) |
| 3:43 | Create | Villager (Male) |
| 4:18 | Create | Villager (Male) |
| 5:00 | Create | Villager (Male) |
| 5:01 | Create | Villager (Male) |
| 5:35 | Create | Villager (Male) |
| 5:36 | Create | Villager (Male) |
| 6:32 | Create | Villager (Male) |
| 6:32 | Create | Villager (Male) |
| 7:31 | Create | Villager (Male) |
| 7:31 | Create | Villager (Male) |
| 7:31 | Create | Villager (Male) |
| 7:39 | Build | House |
| 8:06 | Create | Villager (Male) |
| 8:06 | Create | Villager (Male) |
| 8:47 | Build | Mill |
| 9:01 | Create | Villager (Male) |
| 9:01 | Create | Villager (Male) |
| 9:23 | Create | Villager (Male) |
| 9:51 | Create | Villager (Male) |
| 10:08 | Build | House |
| 10:23 | Build | Lumber Camp |
| 11:57 | Create | Villager (Male) |
| 12:26 | Build | Mill |
| 12:32 | Create | Villager (Male) |
| 12:37 | Research | Feudal Age |
| 12:39 | Build | House |
| 12:42 | Build | House |
| 12:43 | Build | House |
| 13:20 | Build | Mining Camp |
| 13:47 | Create | Villager (Male) |
| 13:47 | Create | Villager (Male) |
| 14:47 | Age | Feudal Age |
| 14:57 | Build | Market |
| 15:02 | Build | Blacksmith |
| 15:09 | Create | Villager (Male) |
| 15:14 | Build | House |
| 15:16 | Build | House |
| 15:16 | Build | House |
| 15:36 | Build | Gate |
| 15:41 | Build | Stone Wall |
| 15:44 | Build | Stone Wall |
| 15:54 | Create | Villager (Male) |
| 16:22 | Research | Castle Age |
| 17:33 | Build | Mill |
| 17:46 | Build | Gate |
| 17:52 | Build | Stone Wall |
| 17:55 | Build | Stone Wall |
| 18:04 | Research | Double-Bit Axe |
| 18:07 | Research | Horse Collar |
| 18:10 | Research | Wheelbarrow |
| 18:38 | Build | Mining Camp |
| 19:07 | Age | Castle Age |
| 19:22 | Build | Siege Workshop |
| 19:43 | Create | Villager (Male) |
| 19:47 | Create | Villager (Male) |
| 19:57 | Create | Mangonel |
| 20:31 | Create | Mangonel |
| 20:52 | Build | Town Center |
| 21:09 | Create | Villager (Male) |
| 21:10 | Create | Villager (Male) |
| 21:26 | Create | Villager (Male) |
| 21:27 | Create | Villager (Male) |
| 21:56 | Create | Mangonel |
| 22:12 | Create | Villager (Male) |
| 22:12 | Create | Villager (Male) |
| 22:35 | Build | House |
| 22:36 | Build | House |
| 22:37 | Build | House |
| 22:49 | Build | Farm |
| 22:50 | Build | Farm |
| 22:51 | Build | Farm |
| 22:51 | Build | Farm |
| 22:52 | Build | Farm |
| 22:52 | Build | Farm |
| 22:52 | Build | Farm |
| 22:53 | Build | Farm |
| 22:53 | Build | Farm |
| 22:53 | Build | Farm |
| 22:54 | Build | Farm |
| 22:54 | Build | Farm |
| 22:54 | Build | Farm |
| 22:54 | Build | Farm |
| 22:55 | Build | Farm |
| 22:55 | Build | Farm |
| 23:02 | Create | Trade Cart |
| 23:10 | Build | Farm |
| 23:10 | Build | Farm |
| 23:10 | Build | Farm |
| 23:10 | Build | Farm |
| 23:33 | Create | Villager (Male) |
| 23:39 | Create | Mangonel |
| 24:00 | Build | Castle |
| 24:11 | Create | Villager (Male) |
| 24:11 | Create | Villager (Male) |
| 24:11 | Create | Villager (Male) |
| 24:11 | Create | Villager (Male) |
| 24:11 | Create | Villager (Male) |
| 24:11 | Create | Villager (Male) |
| 24:11 | Create | Villager (Male) |
| 24:11 | Create | Villager (Male) |
| 24:11 | Create | Villager (Male) |
| 24:11 | Create | Villager (Male) |
| 24:11 | Create | Villager (Male) |
| 24:11 | Create | Villager (Male) |
| 24:11 | Create | Villager (Male) |
| 24:11 | Create | Villager (Male) |
| 24:11 | Create | Villager (Male) |
| 24:11 | Create | Villager (Male) |
| 24:11 | Create | Villager (Male) |
| 24:11 | Create | Villager (Male) |
| 24:11 | Create | Villager (Male) |
| 24:11 | Create | Villager (Male) |
Build order — ActedWater2358
First 150 of 449 actions detected
| 0:00 | Create | Villager (Male) |
| 0:01 | Create | Villager (Male) |
| 0:01 | Create | Villager (Male) |
| 0:01 | Create | Villager (Male) |
| 0:03 | Build | House |
| 0:06 | Build | House |
| 1:24 | Research | Loom |
| 1:47 | Build | House |
| 1:53 | Create | Villager (Male) |
| 2:28 | Create | Villager (Male) |
| 2:53 | Create | Villager (Male) |
| 3:09 | Build | Lumber Camp |
| 3:12 | Build | House |
| 3:21 | Create | Villager (Male) |
| 3:21 | Create | Villager (Male) |
| 3:28 | Create | Villager (Male) |
| 4:00 | Create | Villager (Male) |
| 4:00 | Create | Villager (Male) |
| 4:16 | Create | Villager (Male) |
| 4:38 | Create | Villager (Male) |
| 5:06 | Create | Villager (Male) |
| 5:32 | Create | Villager (Male) |
| 5:32 | Create | Villager (Male) |
| 5:59 | Create | Villager (Male) |
| 5:59 | Create | Villager (Male) |
| 6:24 | Create | Villager (Male) |
| 6:42 | Build | Lumber Camp |
| 6:52 | Create | Villager (Male) |
| 7:26 | Build | Palisade Wall |
| 7:44 | Build | Palisade Wall |
| 7:52 | Build | Palisade Wall |
| 7:54 | Build | Palisade Wall |
| 7:57 | Create | Villager (Male) |
| 8:07 | Build | Mill |
| 8:29 | Create | Villager (Male) |
| 8:30 | Create | Villager (Male) |
| 8:30 | Create | Villager (Male) |
| 8:46 | Create | Villager (Male) |
| 9:06 | Build | House |
| 9:20 | Create | Villager (Male) |
| 9:41 | Create | Villager (Male) |
| 9:52 | Build | House |
| 9:58 | Build | Mining Camp |
| 10:18 | Create | Villager (Male) |
| 11:21 | Build | Palisade Wall |
| 11:24 | Create | Villager (Male) |
| 11:25 | Create | Villager (Male) |
| 11:42 | Build | Mill |
| 11:48 | Build | House |
| 11:50 | Create | Villager (Male) |
| 12:18 | Create | Villager (Male) |
| 12:41 | Research | Feudal Age |
| 12:56 | Build | Barracks |
| 13:09 | Build | House |
| 13:33 | Create | Militia |
| 13:33 | Create | Militia |
| 13:35 | Create | Militia |
| 13:49 | Create | Villager (Male) |
| 14:03 | Build | Palisade Wall |
| 14:09 | Build | House |
| 14:13 | Build | House |
| 14:31 | Create | Militia |
| 14:33 | Create | Militia |
| 14:59 | Build | House |
| 15:02 | Build | House |
| 15:14 | Create | Militia |
| 15:21 | Research | Man-at-Arms (upgrade) |
| 15:40 | Build | House |
| 15:41 | Build | House |
| 15:58 | Create | Militia |
| 15:58 | Create | Militia |
| 16:10 | Create | Militia |
| 16:12 | Create | Militia |
| 16:16 | Create | Villager (Male) |
| 16:17 | Create | Villager (Male) |
| 16:26 | Build | Town Center |
| 16:42 | Create | Militia |
| 16:58 | Build | Palisade Wall |
| 17:28 | Create | Villager (Male) |
| 17:28 | Create | Villager (Male) |
| 17:32 | Research | Horse Collar |
| 17:58 | Create | Villager (Male) |
| 18:07 | Build | Farm |
| 18:08 | Build | Farm |
| 18:10 | Build | Farm |
| 18:11 | Build | Farm |
| 18:12 | Build | Farm |
| 18:14 | Build | Farm |
| 18:22 | Build | Farm |
| 18:23 | Build | Farm |
| 18:25 | Build | Farm |
| 18:28 | Create | Villager (Male) |
| 18:29 | Create | Villager (Male) |
| 18:53 | Create | Villager (Male) |
| 19:03 | Build | Farm |
| 19:04 | Build | Farm |
| 19:14 | Build | Farm |
| 19:15 | Build | Farm |
| 19:17 | Build | Farm |
| 19:27 | Create | Villager (Male) |
| 19:28 | Create | Villager (Male) |
| 19:38 | Build | Farm |
| 19:43 | Create | Villager (Male) |
| 19:57 | Create | Villager (Male) |
| 20:22 | Build | Farm |
| 20:27 | Build | House |
| 20:30 | Create | Villager (Male) |
| 20:30 | Create | Villager (Male) |
| 20:49 | Create | Villager (Male) |
| 20:50 | Create | Villager (Male) |
| 20:59 | Build | Mining Camp |
| 21:07 | Create | Villager (Male) |
| 21:08 | Create | Villager (Male) |
| 21:17 | Build | Farm |
| 21:18 | Build | Farm |
| 21:19 | Build | Farm |
| 21:20 | Build | Farm |
| 21:22 | Build | Farm |
| 21:24 | Build | Farm |
| 21:30 | Create | Villager (Male) |
| 21:30 | Create | Villager (Male) |
| 21:35 | Create | Villager (Male) |
| 21:55 | Create | Villager (Male) |
| 21:56 | Create | Villager (Male) |
| 22:35 | Create | Villager (Male) |
| 22:36 | Create | Villager (Male) |
| 22:37 | Create | Villager (Male) |
| 22:37 | Create | Villager (Male) |
| 22:50 | Build | Watch Tower |
| 22:57 | Create | Villager (Male) |
| 22:58 | Create | Villager (Male) |
| 23:05 | Build | Farm |
| 23:07 | Build | Farm |
| 23:08 | Build | Farm |
| 23:10 | Build | Farm |
| 23:11 | Build | Farm |
| 23:12 | Build | Farm |
| 23:16 | Research | Wheelbarrow |
| 23:52 | Build | House |
| 23:55 | Research | Town Watch |
| 23:56 | Create | Villager (Male) |
| 23:56 | Create | Villager (Male) |
| 23:57 | Create | Villager (Male) |
| 24:20 | Create | Villager (Male) |
| 24:21 | Create | Villager (Male) |
| 24:22 | Create | Villager (Male) |
| 24:26 | Build | House |
| 24:27 | Build | House |
| 24:28 | Build | House |
| 24:29 | Build | House |
Build order — simirfan
First 150 of 218 actions detected
| 0:03 | Research | Loom |
| 0:04 | Create | Villager (Male) ×4 |
| 0:06 | Build | House |
| 0:07 | Build | House |
| 0:19 | Build | Palisade Wall |
| 2:21 | Build | Palisade Wall |
| 2:56 | Build | Palisade Wall |
| 4:54 | Build | Palisade Wall |
| 5:23 | Create | Villager (Male) |
| 6:17 | Build | Palisade Gate |
| 6:30 | Create | Villager (Male) |
| 7:25 | Create | Villager (Male) ×3 |
| 9:16 | Build | Lumber Camp |
| 9:20 | Create | Villager (Male) ×3 |
| 9:57 | Build | House |
| 10:17 | Create | Villager (Male) |
| 10:30 | Build | House |
| 11:37 | Create | Villager (Male) ×2 |
| 11:37 | Create | Villager (Male) ×2 |
| 12:32 | Create | Villager (Male) ×2 |
| 12:40 | Build | Mill |
| 13:48 | Build | Barracks |
| 14:07 | Create | Villager (Male) |
| 14:08 | Create | Villager (Male) |
| 14:08 | Create | Villager (Male) |
| 15:00 | Create | Villager (Male) |
| 15:00 | Create | Villager (Male) |
| 15:12 | Create | Militia |
| 15:37 | Build | House |
| 15:39 | Build | House |
| 15:45 | Build | Mining Camp |
| 16:20 | Build | Mill |
| 16:28 | Research | Feudal Age |
| 17:03 | Create | Militia |
| 17:04 | Create | Militia |
| 17:40 | Create | Villager (Male) |
| 17:40 | Create | Villager (Male) |
| 18:09 | Create | Villager (Male) |
| 18:38 | Age | Feudal Age |
| 18:50 | Build | Stone Wall |
| 19:08 | Build | Gate |
| 19:13 | Build | Stone Wall |
| 19:15 | Build | Stone Wall |
| 19:27 | Research | Man-at-Arms (upgrade) |
| 19:28 | Research | Arson |
| 19:33 | Build | Blacksmith |
| 19:40 | Build | Market |
| 19:50 | Build | Mill |
| 20:01 | Create | Villager (Male) ×4 |
| 20:30 | Create | Militia |
| 21:00 | Build | House |
| 21:02 | Build | House |
| 21:27 | Build | Gate |
| 21:42 | Build | Stone Wall |
| 22:04 | Create | Villager (Male) |
| 23:08 | Build | Stone Wall |
| 23:16 | Build | Gate |
| 24:09 | Create | Villager (Male) |
| 24:09 | Create | Villager (Male) |
| 24:10 | Create | Villager (Male) |
| 24:33 | Build | Archery Range |
| 24:50 | Build | Archery Range |
| 25:00 | Build | Lumber Camp |
| 25:20 | Build | Stone Wall |
| 25:26 | Create | Villager (Male) |
| 25:29 | Build | House |
| 25:31 | Build | House |
| 25:33 | Build | House |
| 25:34 | Build | House |
| 25:38 | Create | Trade Cart |
| 25:52 | Build | Mining Camp |
| 26:49 | Build | Stone Wall |
| 26:59 | Research | Double-Bit Axe |
| 27:05 | Create | Villager (Male) ×5 |
| 27:19 | Create | Skirmisher ×3 |
| 27:44 | Build | Farm |
| 27:44 | Build | Farm |
| 27:45 | Build | Farm |
| 27:45 | Build | Farm |
| 27:45 | Build | Farm |
| 27:46 | Build | Farm |
| 28:26 | Research | Horse Collar |
| 28:31 | Build | Farm |
| 28:31 | Build | Farm |
| 28:31 | Build | Farm |
| 28:32 | Build | Farm |
| 28:32 | Build | Farm |
| 28:32 | Build | Farm |
| 28:32 | Build | Farm |
| 28:32 | Build | Farm |
| 28:33 | Build | Farm |
| 28:37 | Create | Villager (Male) |
| 28:44 | Create | Trade Cart |
| 28:55 | Build | Farm |
| 28:55 | Build | Farm |
| 28:55 | Build | Farm |
| 28:56 | Build | Farm |
| 28:56 | Build | Farm |
| 28:56 | Build | Farm |
| 28:57 | Build | Farm |
| 29:02 | Create | Villager (Male) ×4 |
| 29:18 | Create | Skirmisher |
| 29:19 | Create | Skirmisher |
| 29:32 | Build | Stone Wall |
| 29:37 | Build | Stone Wall |
| 29:41 | Build | Stone Wall |
| 29:44 | Build | Stone Wall |
| 29:48 | Build | Stone Wall |
| 30:06 | Create | Villager (Male) |
| 30:25 | Create | Skirmisher |
| 30:25 | Create | Skirmisher |
| 30:36 | Build | Farm |
| 30:37 | Build | Farm |
| 30:37 | Build | Farm |
| 30:37 | Build | Farm |
| 30:37 | Build | Farm |
| 30:38 | Build | Farm |
| 30:38 | Build | Farm |
| 30:38 | Build | Farm |
| 30:38 | Build | Farm |
| 30:39 | Build | Farm |
| 30:39 | Build | Farm |
| 30:49 | Create | Trade Cart ×2 |
| 31:31 | Research | Gold Mining |
| 31:35 | Create | Villager (Male) |
| 32:52 | Build | Stone Wall |
| 33:05 | Create | Villager (Male) |
| 33:05 | Create | Villager (Male) |
| 33:05 | Create | Villager (Male) |
| 33:05 | Create | Villager (Male) |
| 33:52 | Build | Stone Wall |
| 33:54 | Build | Stone Wall |
| 35:20 | Create | Villager (Male) ×5 |
| 35:41 | Create | Skirmisher ×5 |
| 35:49 | Build | Stone Wall |
| 36:05 | Build | Stone Wall |
| 36:22 | Build | Lumber Camp |
| 36:34 | Research | Castle Age |
| 36:52 | Build | Lumber Camp |
| 37:05 | Build | Lumber Camp |
| 37:16 | Create | Skirmisher ×5 |
| 37:17 | Create | Skirmisher ×4 |
| 37:28 | Build | Lumber Camp |
| 37:50 | Build | Lumber Camp |
| 38:06 | Build | Market |
| 39:31 | Build | Town Center |
| 40:01 | Build | House |
| 40:03 | Build | House |
| 40:03 | Build | House |
| 40:03 | Build | House |
Build order — R1C0L4
First 150 of 418 actions detected
| 0:10 | Create | Villager (Male) ×4 |
| 0:12 | Build | House |
| 0:14 | Build | House |
| 0:38 | Research | Loom |
| 1:09 | Build | Palisade Gate |
| 1:25 | Build | Palisade Wall |
| 1:59 | Create | Villager (Male) |
| 2:10 | Build | Palisade Gate |
| 2:17 | Build | Palisade Wall |
| 2:18 | Build | Palisade Wall |
| 2:28 | Create | Villager (Male) |
| 3:39 | Create | Villager (Male) |
| 3:40 | Create | Villager (Male) |
| 3:40 | Create | Villager (Male) |
| 3:40 | Create | Villager (Male) |
| 4:19 | Build | Palisade Wall |
| 4:47 | Create | Villager (Male) ×2 |
| 5:37 | Create | Villager (Male) |
| 5:38 | Create | Villager (Male) |
| 5:38 | Create | Villager (Male) |
| 5:38 | Create | Villager (Male) |
| 7:05 | Build | House |
| 7:42 | Create | Villager (Male) |
| 7:42 | Create | Villager (Male) |
| 7:42 | Create | Villager (Male) |
| 7:53 | Build | House |
| 8:00 | Create | Villager (Male) |
| 8:00 | Create | Villager (Male) |
| 8:00 | Create | Villager (Male) |
| 8:00 | Create | Villager (Male) |
| 8:01 | Create | Villager (Male) |
| 8:01 | Create | Villager (Male) |
| 9:10 | Build | Lumber Camp |
| 10:00 | Build | Mill |
| 10:52 | Build | Farm |
| 10:53 | Build | Farm |
| 10:55 | Build | Farm |
| 10:57 | Build | Farm |
| 12:10 | Research | Feudal Age |
| 12:26 | Build | Mining Camp |
| 12:45 | Build | Farm |
| 12:47 | Build | Farm |
| 12:51 | Build | Farm |
| 12:58 | Build | Farm |
| 13:08 | Build | Farm |
| 13:11 | Build | Farm |
| 14:03 | Build | Farm |
| 14:07 | Build | Farm |
| 14:12 | Build | Farm |
| 14:20 | Age | Feudal Age |
| 14:23 | Build | Farm |
| 14:45 | Build | House |
| 14:52 | Research | Castle Age |
| 15:28 | Build | Mining Camp |
| 16:20 | Build | Gate |
| 16:25 | Build | Stone Wall |
| 16:36 | Research | Double-Bit Axe |
| 17:25 | Create | Villager (Male) ×5 |
| 17:32 | Age | Castle Age |
| 18:20 | Build | Town Center |
| 19:06 | Create | Villager (Male) ×5 |
| 19:43 | Create | Villager (Male) |
| 19:43 | Create | Villager (Male) |
| 19:43 | Create | Villager (Male) |
| 19:43 | Create | Villager (Male) |
| 19:57 | Build | Castle |
| 20:47 | Build | House |
| 20:47 | Build | House |
| 20:48 | Build | House |
| 20:55 | Research | Wheelbarrow |
| 21:14 | Create | Villager (Male) |
| 21:14 | Create | Villager (Male) |
| 21:14 | Create | Villager (Male) |
| 21:15 | Create | Villager (Male) |
| 21:15 | Create | Villager (Male) |
| 21:38 | Build | Siege Workshop |
| 21:55 | Create | Villager (Male) |
| 22:25 | Create | Villager (Male) |
| 22:36 | Build | Farm |
| 22:38 | Build | Farm |
| 22:39 | Build | Farm |
| 22:40 | Build | Farm |
| 22:41 | Build | Farm |
| 22:42 | Build | Farm |
| 22:44 | Build | Farm |
| 22:45 | Build | Farm |
| 22:46 | Build | Farm |
| 22:47 | Build | Farm |
| 22:49 | Build | Farm |
| 22:51 | Create | Villager (Male) |
| 22:52 | Create | Villager (Male) |
| 23:23 | Create | Scorpion |
| 23:24 | Create | Scorpion |
| 23:24 | Create | Scorpion |
| 23:32 | Create | Villager (Male) |
| 23:33 | Create | Villager (Male) |
| 23:34 | Create | Villager (Male) |
| 23:34 | Create | Villager (Male) |
| 23:45 | Build | Town Center |
| 23:56 | Create | Scorpion |
| 23:56 | Create | Scorpion |
| 24:15 | Create | Scorpion |
| 24:15 | Create | Scorpion |
| 25:17 | Create | Ballista Elephant |
| 25:17 | Create | Ballista Elephant |
| 25:26 | Build | Gate |
| 25:56 | Build | Gate |
| 26:03 | Create | Ballista Elephant |
| 26:03 | Create | Ballista Elephant |
| 26:16 | Create | Villager (Male) ×5 |
| 26:17 | Create | Villager (Male) ×5 |
| 26:19 | Create | Villager (Male) ×5 |
| 26:22 | Build | Farm |
| 26:23 | Build | Farm |
| 26:28 | Create | Villager (Male) |
| 26:47 | Create | Ballista Elephant |
| 26:47 | Create | Ballista Elephant |
| 27:13 | Create | Scorpion |
| 27:13 | Create | Scorpion |
| 27:29 | Create | Ballista Elephant |
| 28:02 | Create | Ballista Elephant |
| 28:02 | Create | Ballista Elephant |
| 28:11 | Create | Villager (Male) ×5 |
| 28:13 | Create | Villager (Male) ×5 |
| 28:15 | Create | Villager (Male) |
| 28:26 | Build | Town Center |
| 28:27 | Create | Villager (Male) |
| 28:28 | Create | Villager (Male) |
| 29:27 | Create | Mangonel |
| 29:33 | Build | House |
| 29:34 | Build | House |
| 29:35 | Build | House |
| 29:35 | Build | House |
| 29:35 | Build | House |
| 29:36 | Build | House |
| 29:43 | Research | Hand Cart |
| 29:45 | Create | Villager (Male) |
| 29:58 | Create | Ballista Elephant |
| 29:58 | Create | Ballista Elephant |
| 30:17 | Create | Scorpion |
| 31:15 | Create | Villager (Male) |
| 31:16 | Create | Villager (Male) |
| 31:16 | Create | Villager (Male) |
| 31:17 | Create | Villager (Male) |
| 31:17 | Create | Villager (Male) |
| 31:22 | Build | Farm |
| 31:23 | Build | Farm |
| 31:25 | Create | Villager (Male) |
| 31:25 | Create | Villager (Male) |
| 31:26 | Create | Villager (Male) |
Match timeline
| 0:19 | simirfan · wall_segment Palisade Wall x9 |
| 0:49 | ennio2mil · wall_segment Palisade Wall x11 |
| 1:09 | M.S. · wall_segment Palisade Wall x6 |
| 1:10 | M.S. · wall_segment Palisade Wall x6 |
| 1:25 | R1C0L4 · wall_segment Palisade Wall x1 |
| 2:17 | R1C0L4 · wall_segment Palisade Wall x1 |
| 2:18 | R1C0L4 · wall_segment Palisade Wall x4 |
| 2:21 | simirfan · wall_segment Palisade Wall x7 |
| 2:46 | ennio2mil · wall_segment Palisade Wall x2 |
| 2:56 | simirfan · wall_segment Palisade Wall x9 |
| 4:19 | R1C0L4 · wall_segment Palisade Wall x1 |
| 4:54 | simirfan · wall_segment Palisade Wall x4 |
| 7:26 | ActedWater2358 · wall_segment Palisade Wall x3 |
| 7:44 | ActedWater2358 · wall_segment Palisade Wall x1 |
| 7:52 | ActedWater2358 · wall_segment Palisade Wall x1 |
| 7:54 | ActedWater2358 · wall_segment Palisade Wall x3 |
| 8:09 | Geosim · first_building Barracks |
| 11:21 | ActedWater2358 · wall_segment Palisade Wall x7 |
| 12:53 | Geosim · age_up feudal |
| 12:56 | ActedWater2358 · first_building Barracks |
| 13:48 | simirfan · first_building Barracks |
| 13:57 | ennio2mil · age_up feudal |
| 14:03 | ActedWater2358 · wall_segment Palisade Wall x1 |
| 14:20 | R1C0L4 · age_up feudal |
| 14:47 | M.S. · age_up feudal |
| 15:41 | M.S. · wall_segment Stone Wall x5 |
| 15:44 | M.S. · wall_segment Stone Wall x5 |
| 16:25 | R1C0L4 · wall_segment Stone Wall x3 |
| 16:58 | ActedWater2358 · wall_segment Palisade Wall x1 |
| 17:32 | R1C0L4 · age_up castle |
| 17:52 | M.S. · wall_segment Stone Wall x7 |
| 17:55 | M.S. · wall_segment Stone Wall x7 |
| 18:38 | simirfan · age_up feudal |
| 18:50 | simirfan · wall_segment Stone Wall x10 |
| 19:07 | M.S. · age_up castle |
| 19:13 | simirfan · wall_segment Stone Wall x4 |
| 19:15 | simirfan · wall_segment Stone Wall x4 |
| 19:22 | M.S. · first_building Siege Workshop |
| 19:57 | R1C0L4 · first_building Castle |
| 20:02 | ennio2mil · age_up castle |
| 20:59 | ennio2mil · first_building Castle |
| 21:38 | R1C0L4 · first_building Siege Workshop |
| 21:42 | simirfan · wall_segment Stone Wall x16 |
| 22:30 | simirfan · first_market_buy 100 wood |
| 22:32 | simirfan · first_market_sell 100 wood |
| 23:01 | M.S. · first_market_buy 100 wood |
| 23:08 | simirfan · wall_segment Stone Wall x8 |
| 24:00 | M.S. · first_building Castle |
| 24:02 | Geosim · age_up castle |
| 24:11 | Geosim · first_building Siege Workshop |
| 24:15 | Geosim · first_market_buy 100 food |
| 24:33 | simirfan · first_building Archery Range |
| 24:42 | Geosim · first_market_sell 100 wood |
| 25:04 | M.S. · first_market_sell 100 wood |
| 25:20 | simirfan · wall_segment Stone Wall x6 |
| 26:07 | ActedWater2358 · first_building Stable |
| 26:49 | simirfan · wall_segment Stone Wall x17 |
| 29:10 | Geosim · first_building Monastery |
| 29:32 | simirfan · wall_segment Stone Wall x7 |
| 29:37 | simirfan · wall_segment Stone Wall x5 |
| 29:41 | simirfan · wall_segment Stone Wall x5 |
| 29:44 | simirfan · wall_segment Stone Wall x5 |
| 29:48 | simirfan · wall_segment Stone Wall x21 |
| 29:56 | M.S. · first_building Monastery |
| 31:20 | ennio2mil · first_building Barracks |
| 32:28 | ennio2mil · first_building Stable |
| 32:52 | ennio2mil · age_up imperial |
| 32:52 | simirfan · wall_segment Stone Wall x4 |
| 33:11 | Geosim · first_building Castle |
| 33:25 | M.S. · first_building Barracks |
| 33:52 | simirfan · wall_segment Stone Wall x6 |
| 33:54 | simirfan · wall_segment Stone Wall x22 |
| 34:40 | M.S. · first_building Archery Range |
| 35:37 | ActedWater2358 · first_building Castle |
| 35:49 | simirfan · wall_segment Stone Wall x1 |
| 36:05 | simirfan · wall_segment Stone Wall x5 |
| 36:17 | M.S. · age_up imperial |
| 37:53 | Geosim · age_up imperial |
| 38:34 | R1C0L4 · first_building Stable |
| 39:36 | R1C0L4 · age_up imperial |
| 39:58 | ennio2mil · first_building Siege Workshop |
| 40:46 | R1C0L4 · first_market_buy 100 food |
| 42:06 | ActedWater2358 · first_building Monastery |
| 42:49 | simirfan · age_up castle |
| 49:56 | ennio2mil · first_building Archery Range |
| 51:03 | ennio2mil · resign |
[ AI ANALYSIS · 1 CREDIT ]
What really happened in this match?
Wolo.gg analyzes every decision: build order, eco, micro, common mistakes by bracket. Personalized analysis on WhatsApp or Discord in 30 seconds.
Civ guide
Goths
Perfil
Jugador #596177